Map: [ESL] Inside and Out

Players

Cure - Winner!

  • Race: Terran Terran
  • League: Master
  • Spawn Location: 1:00

Astrea

  • Race: Protoss Protoss
  • League: Master
  • Spawn Location: 7:00

Event: HomeStory Cup XXII

VOD

Have the link to the VOD?

Description

Time

  • Played on: Dec. 16, 2022, 11:12 a.m.
  • Length: 20:07

All games in this series

Show
View Real Time Build Order
Export as new Build Order

Cure Terran - Winner!

Build Orders: Reaper Expand 

Get SALT Encoding   

  12  0:00  SCV  
  13  0:12  SCV  
  14  0:17  Supply Depot  
  14  0:24  SCV  
  15  0:38  SCV  
  15  0:40  Barracks  
  16  0:43  Refinery  
  16  0:50  SCV  
  17  1:03  SCV  
  18  1:05  Engineering Bay  
  18  1:15  SCV  
  19  1:28  Reaper, Orbital Command  
  20  1:35  Engineering Bay  
  20  1:48  Command Center  
  20  1:53  SCV  
  21  2:00  Barracks Reactor  
  21  2:04  Barracks  
  21  2:07  SCV  
  22  2:13  Supply Depot  
  22  2:20  SCV  
  23  2:27  Barracks  
  23  2:34  SCV  
  23  2:36  Marine x2  
  26  2:46  SCV  
  27  2:53  Refinery  
  27  2:54  Barracks Tech Lab, Marine x2  
  29  2:58  SCV  
  29  3:00  Orbital Command  
  30  3:10  SCV  
  30  3:12  Concussive Shells, Marauder  
  33  3:13  Marine  
  33  3:15  Marine  
  33  3:17  Barracks Tech Lab  
  33  3:19  Orbital Command  
  35  3:23  SCV  
  36  3:29  Supply Depot  
  36  3:38  Marauder, Marine x3  
  36  3:39  SCV  
  42  3:43  Stimpack  
  42  3:46  SCV  
  43  3:52  SCV  
  43  3:56  Marauder  
  43  3:57  Marine  
  43  3:59  Marauder, Marine  
  49  4:03  SCV  
  49  4:04  SCV  
  49  4:06  Supply Depot  
  51  4:10  Combat Shield  
  51  4:19  Marauder  
  51  4:23  Marine  
  54  4:28  SCV x2, Marauder, Marine  
  54  4:29  Supply Depot  
  59  4:37  Supply Depot  
  59  4:40  SCV x2  
  61  4:46  Marine  
  61  4:51  Marauder x2, Marine  
  61  4:52  SCV x2  
  68  5:00  Factory  
  68  5:01  Supply Depot  
  68  5:04  SCV x2  
  68  5:07  Marine  
  70  5:08  Marine  
  70  5:09  Engineering Bay  
  72  5:16  SCV x2  
  72  5:17  Marauder  
  72  5:18  Marauder  
  75  5:28  SCV  
  75  5:29  SCV, Marine x2  
  73  5:37  Terran Infantry Weapons Level 1  
  73  5:38  Refinery  
  73  5:39  Refinery  
  73  5:41  SCV x2  
  75  5:46  Starport  
  75  5:47  Marine, Factory Reactor, Marauder  
  75  5:48  Marauder  
  75  5:49  Marine  
  81  5:53  SCV x2  
  83  5:59  Supply Depot  
  82  6:05  Marine  
  82  6:08  Marine  
  82  6:09  Marauder  
  86  6:21  Barracks, Marauder  
  86  6:22  Barracks  
  86  6:23  Marine  
  88  6:26  Marine  
  88  6:30  Marauder  
  90  6:33  Factory Reactor  
  87  6:40  Medivac  
  87  6:41  Medivac, Marine  
  87  6:42  SCV x2, Marauder  
  87  6:44  Marine  
  86  6:56  Marauder  
  86  6:57  SCV x2  
  86  6:58  Marine  
  86  7:00  Command Center  
  91  7:02  Marine  
  91  7:03  Marauder  
  94  7:13  Barracks Reactor, Barracks Tech Lab  
  94  7:17  SCV, Medivac x2  
  94  7:18  Supply Depot, SCV  
  94  7:21  Supply Depot  
  100  7:25  Widow Mine  
  102  7:40  Widow Mine, Marauder x3  
  102  7:42  Terran Infantry Armor Level 1  
  102  7:43  SCV x2, Marine x2  
  114  7:44  Supply Depot  
  114  7:58  SCV x2  
  116  8:00  Marine x2  
  118  8:06  Medivac x2, Marauder  
  118  8:10  SCV x2  
  126  8:21  Supply Depot x2  
  126  8:26  Ghost Academy, SCV x2  
  128  8:29  Orbital Command  
  132  8:34  Marauder x2  
  132  8:35  Marauder, Marine  
  132  8:36  Marine  
  132  8:38  Marine x2  
  138  8:42  SCV x2  
  140  8:48  Supply Depot x2  
  136  8:56  Medivac x2, Widow Mine x2  
  136  8:57  SCV x2  
  136  8:58  SCV  
  147  9:04  Marauder x3  
  147  9:09  Refinery x2  
  153  9:13  Enhanced Shockwaves  
  153  9:16  Engineering Bay  
  153  9:17  Armory  
  153  9:20  Widow Mine  
  155  9:25  Marauder x3  
  155  9:26  Marine x2  
  163  9:37  Supply Depot x2  
  163  9:48  Supply Depot  
  162  9:52  Missile Turret  
  162  9:56  Command Center  
  162  9:57  Ghost  
  162  9:58  Marine x2, Ghost  
  162  9:59  Ghost  
  168  10:00  Marine x2  
  168  10:01  Medivac, Widow Mine x2  
  168  10:04  Medivac  
  168  10:06  Terran Infantry Weapons Level 2  
  179  10:11  Missile Turret  
  179  10:13  Missile Turret  
  168  10:22  SCV x3  
  168  10:23  Missile Turret  
  161  10:36  SCV  
  161  10:37  SCV x2  
  161  10:41  Ghost x2  
  161  10:42  Marine x3  
  169  10:45  Marine x2  
  140  11:03  Marine x3  
  140  11:04  Marauder  
  139  11:06  SCV x3  
  139  11:07  Widow Mine x2  
  139  11:11  Marauder  
  146  11:16  Marauder, Marine  
  149  11:21  Marine x3  
  149  11:24  SCV x2  
  149  11:25  Marauder  
  156  11:29  Missile Turret  
  156  11:32  Marauder  
  157  11:34  Marine  
  157  11:37  Marine  
  157  11:39  Marine x3  
  162  11:44  SCV x3  
  162  11:46  Marauder  
  163  11:51  Marine  
  163  11:53  Planetary Fortress  
  163  11:54  Marauder  
  165  11:56  SCV x3  
  168  12:08  SCV x2  
  165  12:09  Marauder x2, Marine x4  
  165  12:12  SCV  
  165  12:15  Marauder  
  176  12:20  SCV x2  
  178  12:24  SCV, Widow Mine x2  
  178  12:25  Terran Infantry Armor Level 2  
  178  12:29  Engineering Bay  
  181  12:31  SCV  
  181  12:32  SCV x2  
  181  12:36  Marine x3  
  189  12:37  Marauder  
  188  12:54  Marine  
  188  12:55  Marauder x2, Marine x3  
  193  13:02  SCV x3  
  181  13:20  Ghost x2  
  181  13:21  Marauder, Marine x4  
  181  13:25  Barracks, SCV x4  
  181  13:26  Barracks  
  182  13:28  Barracks  
  182  13:34  Medivac, Widow Mine x2  
  188  13:39  Marine x4  
  188  13:43  Marauder  
  188  13:46  Medivac  
  184  13:49  SCV x4, Marine  
  184  13:50  Marauder  
  189  13:56  Marine  
  190  14:03  Ghost  
  190  14:05  SCV x4  
  190  14:08  Marauder  
  198  14:15  Barracks Tech Lab x2  
  198  14:16  Barracks Reactor  
  193  14:18  Command Center  
  192  14:25  Marine x2  
  192  14:26  Marauder, Marine x2  
  192  14:29  Marauder  
  186  14:32  Medivac, Widow Mine x2  
  186  14:36  Marauder, Marine  
  188  14:48  Ghost  
  188  14:49  Marauder, Marine x4  
  188  14:50  Marauder  
  198  15:04  Ghost  
  198  15:05  Marauder, Marine x2  
  198  15:07  Marine x2  
  193  15:11  Marauder  
  189  15:15  Marine x2  
  189  15:16  Marauder  
  189  15:18  Marauder  
  185  15:22  SCV x3  
  185  15:23  Marine x2  
  177  15:40  Ghost x3  
  177  15:41  Marauder, Marine x4  
  177  15:42  Marauder  
  191  15:57  Marine x2  
  191  16:00  Widow Mine  
  191  16:01  Medivac, Widow Mine  
  191  16:03  Marauder  
  191  16:04  Planetary Fortress  
  200  16:09  Missile Turret  
  198  16:19  Ghost  
  200  16:26  SCV  
  200  16:31  Marine x2, Ghost  
  200  16:39  Marauder x2, Marine x4  
  187  16:41  Marine  
  174  16:47  Marine  
  174  16:49  Marine x2  
  166  16:54  SCV x4  
  166  16:59  Marauder  
  166  17:00  Marauder  
  171  17:06  SCV, Missile Turret  
  171  17:07  Marauder x2, Marine x4  
  171  17:08  Medivac x2, Marauder  
  178  17:09  Widow Mine x2  
  185  17:21  Marauder  
  187  17:25  Command Center  
  187  17:29  Terran Infantry Weapons Level 3  
  187  17:32  Marine x2, Ghost  
  187  17:33  Marauder  
  187  17:34  Widow Mine  
  189  18:02  Marine x4  
  189  18:03  Marauder x2  
  187  18:15  Marauder, Marine x4  
  176  18:34  Marine x3  
  176  18:36  Marine  
  176  18:37  Marauder  
  176  18:38  Marauder  
  171  18:45  Marauder  
  171  18:46  Marauder, Marine  
  171  18:47  Marauder  
  157  18:52  Marine x2  
  157  18:53  Marine  
  154  18:59  Missile Turret  
  150  19:07  Marine x3  
  150  19:09  Marauder  
  141  19:11  Marauder  
  133  19:33  Supply Depot  
  133  19:34  Supply Depot  
  133  19:35  Supply Depot  
Show
View Real Time Build Order
Export as new Build Order

Astrea Protoss 

Build Orders: Colossus Rush 

Get SALT Encoding   

  12  0:00  Probe  
  13  0:12  Probe  
  14  0:16  Pylon  
  14  0:24  Probe (Chrono Boost)  
  16  0:35  Gateway  
  16  0:36  Probe (Chrono Boost)  
  16  0:42  Probe (Chrono Boost)  
  16  0:44  Assimilator  
  17  0:51  Probe  
  18  1:03  Probe  
  19  1:16  Probe  
  20  1:25  Cybernetics Core  
  20  1:28  Probe  
  21  1:40  Probe, Pylon  
  21  1:46  Nexus  
  22  1:52  Assimilator  
  22  1:53  Probe  
  23  1:59  Adept (Chrono Boost)  
  23  2:01  Warp Gate (Chrono Boost)  
  23  2:05  Probe  
  26  2:17  Probe  
  26  2:21  Stalker  
  29  2:27  Pylon  
  29  2:29  Probe  
  30  2:40  Gateway  
  30  2:45  Gateway  
  30  2:48  Probe  
  31  2:56  Stalker  
  32  2:58  Probe  
  32  3:04  Probe  
  34  3:10  Probe  
  35  3:17  Probe  
  36  3:23  Probe  
  36  3:25  Robotics Facility  
  37  3:29  Probe  
  38  3:35  Probe  
  38  3:42  Probe (Chrono Boost)  
  38  3:44  Stalker x3  
  38  3:47  Probe (Chrono Boost)  
  45  3:49  Assimilator  
  46  3:58  Probe x2 (Chrono Boost)  
  46  4:00  Pylon  
  47  4:02  Assimilator  
  47  4:03  Probe (Chrono Boost)  
  47  4:05  Probe  
  47  4:08  Adept x2  
  53  4:13  Observer (Chrono Boost)  
  54  4:18  Probe, Stalker  
  54  4:19  Probe  
  56  4:30  Robotics Bay, Probe (Chrono Boost)  
  57  4:35  Probe (Chrono Boost)  
  57  4:37  Pylon  
  58  4:41  Sentry  
  58  4:42  Probe (Chrono Boost)  
  62  4:47  Probe (Chrono Boost)  
  62  4:51  Pylon  
  62  4:56  Pylon  
  62  5:01  Shield Battery  
  62  5:09  Zealot, Sentry, Probe x2  
  62  5:13  Colossus (Chrono Boost)  
  68  5:18  Pylon  
  74  5:21  Extended Thermal Lance  
  72  5:29  Probe  
  68  5:36  Zealot x2  
  68  5:42  Forge  
  74  5:47  Pylon  
  74  5:56  Colossus (Chrono Boost)  
  72  6:02  Nexus  
  72  6:03  Sentry  
  72  6:04  Sentry  
  82  6:09  Probe x2  
  84  6:11  Pylon  
  83  6:21  Probe x2  
  84  6:33  Probe x2  
  74  6:40  Protoss Ground Weapons Level 1 (Chrono Boost), Stalker x2  
  74  6:45  Probe x2  
  74  6:46  Colossus (Chrono Boost)  
  74  6:51  Gateway  
  80  6:57  Probe x2  
  80  6:58  Twilight Council  
  82  7:09  Probe x2  
  84  7:16  Sentry  
  84  7:17  Shield Battery x2  
  84  7:18  Probe  
  84  7:21  Stalker, Blink (Chrono Boost), Probe x2  
  89  7:29  Observer  
  89  7:31  Probe, Photon Cannon  
  89  7:33  Probe  
  92  7:42  Stalker  
  92  7:43  Gateway  
  94  7:46  Gateway, Stalker  
  96  7:53  Stalker  
  102  7:59  Probe x3  
  102  8:04  Assimilator  
  102  8:05  Assimilator  
  105  8:10  Stalker x2  
  105  8:11  Probe  
  108  8:16  Observer (Chrono Boost)  
  108  8:19  Phoenix  
  103  8:20  Gateway  
  103  8:21  Dark Shrine, Stalker  
  103  8:22  Pylon  
  103  8:23  Probe x2  
  107  8:31  Gateway  
  107  8:33  Gateway  
  107  8:34  Warp Prism (Chrono Boost), Forge  
  107  8:38  Gravitic Drive  
  108  8:55  Probe  
  101  8:57  Probe x2  
  103  9:04  Observer, Protoss Ground Weapons Level 2 (Chrono Boost)  
  103  9:07  Probe  
  103  9:09  Colossus, Probe x2  
  106  9:15  Charge, Protoss Ground Armor Level 1 (Chrono Boost)  
  112  9:19  Probe  
  112  9:24  Robotics Facility  
  113  9:26  Observer  
  113  9:28  Probe  
  113  9:29  Probe  
  115  9:32  Shadow Stride  
  115  9:36  Photon Cannon  
  115  9:42  Dark Templar x4  
  122  9:57  Zealot  
  124  10:01  Pylon x2  
  124  10:03  Pylon x2  
  124  10:18  Disruptor  
  124  10:19  Disruptor  
  128  10:24  Nexus  
  128  10:25  Zealot x8  
  128  10:28  Pylon  
  137  10:45  Nexus, Zealot x7  
  137  10:48  Zealot  
  150  10:54  Probe  
  129  11:03  Disruptor x2  
  129  11:15  Nexus  
  129  11:16  Pylon  
  129  11:20  Protoss Ground Armor Level 2 (Chrono Boost), Dark Templar x4  
  137  11:30  Protoss Ground Weapons Level 3 (Chrono Boost)  
  134  11:32  Probe  
  134  11:35  Probe  
  134  11:38  Probe  
  134  11:39  Disruptor  
  137  11:45  Disruptor, Probe  
  141  11:50  Probe x2  
  141  11:52  Shield Battery, Photon Cannon  
  141  11:53  Zealot x2  
  144  11:59  Probe  
  143  12:04  Zealot x4  
  143  12:14  Disruptor  
  146  12:16  Probe x3  
  149  12:27  Disruptor, Probe  
  149  12:28  Probe  
  154  12:30  Dark Templar x3  
  160  12:50  Disruptor  
  159  12:57  Zealot x5  
  169  13:12  Nexus  
  165  13:16  Colossus  
  165  13:18  Stalker  
  165  13:19  Stalker  
  171  13:24  Pylon  
  171  13:26  Colossus  
  159  13:44  Pylon  
  159  13:46  Pylon  
  157  13:50  Pylon  
  157  13:57  Nexus  
  153  14:03  Pylon  
  153  14:04  Pylon  
  153  14:06  Pylon  
  153  14:08  Pylon  
  147  14:13  Photon Cannon  
  147  14:15  Dark Templar x6  
  147  14:16  Dark Templar  
  161  14:19  Zealot  
  138  14:34  Disruptor  
  141  14:40  Disruptor, Zealot  
  141  14:43  Probe  
  141  14:44  Probe  
  141  14:45  Assimilator  
  148  14:46  Assimilator  
  148  14:47  Pylon  
  148  14:53  Nexus  
  148  14:56  Zealot x7  
  152  15:15  Zealot  
  152  15:21  Zealot x7  
  163  15:40  Disruptor  
  163  15:41  Disruptor  
  163  15:42  Protoss Ground Armor Level 3  
  167  15:46  Stalker  
  167  15:47  Stalker x7  
  183  15:54  Nexus  
  183  15:56  Pylon  
  180  16:20  Dark Templar  
  180  16:22  Zealot x7  
  196  16:26  Gateway  
  196  16:27  Gateway  
  135  16:57  Archon x2  
  123  17:09  Disruptor (Chrono Boost), Zealot x2  
  123  17:10  Zealot x3  
  123  17:12  Probe x3  
  143  17:17  Disruptor (Chrono Boost)  
  137  17:23  Nexus  
  137  17:33  Zealot x5  
  147  17:49  Disruptor (Chrono Boost)  
  147  17:57  Zealot x5  
  152  17:58  Disruptor (Chrono Boost)  
  120  18:25  Dark Templar x4  
  82  18:37  Probe  
  55  18:58  Dark Templar x4  
Tags
 
Add a new tag
Caveats
  • Supply blocks, unpowered buildings, or Contaminate may cause inaccurate times.
  • Supply counts are checked every 10 seconds.